 Dungeon Crawl Stone Soup version 0.32-a0-872-g59262bdc9b (webtiles) character file.

Game seed: 3088385638645439627

694 Biggs the Skirmisher (level 7, 0/50 HPs)
             Began as a Coglin Hunter on Mar 30, 2024.
             Was a Follower of Okawaru.
             Slain by Robin
             ... wielding a +0 dagger
              (3 damage)
             ... on level 4 of the Dungeon.
             The game lasted 00:10:32 (3453 turns).

Biggs the Skirmisher (Coglin Hunter)                Turns: 3453, Time: 00:10:32

Health: 0/50       AC:  3    Str: 11    XL:     7   Next: 64%
Magic:  7/7        EV: 11    Int:  8    God:    Okawaru [*.....]
Gold:   101        SH:  0    Dex: 20    Spells: 6/6 levels left

rFire   . . .        a - +2 sling {Mishil}
rCold   . . .        d - +0 sling {Yume}
rNeg    . . .        c - +0 leather armour
rPois   .            (no helmet)
rElec   .            (no cloak)
rCorr   .            (no gloves)
SInv    .            (no boots)
Will    .....        (amulet unavailable)
Stlth   +            (ring unavailable)
HPRegen 0.28/turn    (ring unavailable)
MPRegen 0.10/turn    (no gizmo)

%: no passive effects
@: on fire, silenced, glowing, revved
A: off-hand wielding, slow wielding, warmup strikes, no jewellery
a: Invent Gizmo, Renounce Religion


You were on level 4 of the Dungeon.
You worshipped Okawaru.
Okawaru was aware of your devotion.
You visited 1 branch of the dungeon, and saw 4 of its levels.

You collected 244 gold pieces.
You spent 143 gold pieces at shops.

Inventory:

Hand Weapons
 a - a +2 sling (weapon) {Mishil}
 d - a +0 sling (offhand) {Yume}
Armour
 c - a +0 leather armour (worn)
Scrolls
 e - 2 scrolls of fear {unknown}
 f - 2 scrolls of silence
 g - a scroll of amnesia {unknown}
 i - 4 scrolls of identify {unknown}
 l - a scroll of blinking {unknown}
 m - a scroll of noise {unknown}
 n - a scroll of torment {unknown}
 q - 2 scrolls of teleportation {unknown}
 r - 2 scrolls of poison {unknown}
 t - a scroll of brand weapon {unknown}
 v - a scroll of vulnerability {unknown}
Potions
 b - 2 potions of lignification {unknown}
 h - a potion of berserk rage {unknown}
 j - 2 potions of mutation {unknown}
 o - a potion of might {unknown}
 p - a potion of cancellation {unknown}
 u - a potion of haste {unknown}


   Skills:
 - Level 2.0 Fighting
 + Level 8.3 Ranged Weapons
 - Level 1.7 Dodging
 - Level 0.7 Stealth


You had 6 spell levels left.
You didn't know any spells.
Your spell library contained the following spells:

 Spells                   Type           Power      Damage    Failure   Level
 Sigil of Binding         Hex            0%         N/A       86%         3
 Teleport Other           Tloc           0%         N/A       86%         3
 Dispersal                Tloc           0%         N/A       100%        6
 Gell's Gavotte           Tloc           0%         2d(11-16) 100%        6
 Death Channel            Necr           Unusable   N/A       N/A         6
 Sculpt Simulacrum        Ice/Alch       Unusable   N/A       N/A         6

Dungeon Overview and Level Annotations

Branches:
Dungeon (4/15)
 Temple: D:4-7

Altars:
Kikubaaqudgha
Okawaru
Ru
Vehumet
The Shining One

Shops:
D:1 *   D:3 ::!([

Annotations:
D:4 Robin


Innate Abilities, Weirdness & Mutations

You can wield a second weapon in your off-hand.
It takes a long time for you to wield or remove held weapons.
Your first few attacks do less damage.
You cannot equip rings or amulets.


Message History

The sling bullet hits the bombardier beetle but does no damage.
The bombardier beetle is severely wounded.
Robin hits you with a +0 dagger.
* * * LOW HITPOINT WARNING * * *
The bombardier beetle sprays incendiary fluid at you.
The burning spray hits you.
You are covered in liquid fire!
Fire: a) +2 sling {Mishil}
Press: ? - help, Q - select action, (/) - cycle Shift-Dir - straight line, f/p - bombardier beetle
Aim: a bombardier beetle (silenced, severely wounded, unaffected by silence, 76% to hit)
Okay, then.
You feel better. The liquid fire burns you!
* * * LOW HITPOINT WARNING * * *
Robin hits you but does no damage. The bombardier beetle bites you.
* * * LOW HITPOINT WARNING * * *
Unknown command.
You are too injured to fight recklessly!
You are too injured to fight recklessly!
You feel better. The liquid fire burns you!
* * * LOW HITPOINT WARNING * * *
Robin hits you with a +0 dagger.
* * * LOW HITPOINT WARNING * * *
Unknown command.
Unknown command.
Fire: a) +2 sling {Mishil}
Press: ? - help, Q - select action, (/) - cycle Shift-Dir - straight line, f/p - bombardier beetle
Aim: a bombardier beetle (silenced, severely wounded, unaffected by silence, 76% to hit)
You shoot a sling bullet.
The sling bullet hits the bombardier beetle!
You kill the bombardier beetle!
Okawaru accepts your kill.
You shoot a sling bullet. The liquid fire burns you!
* * * LOW HITPOINT WARNING * * *
Robin hits you with a +0 dagger.
* * * LOW HITPOINT WARNING * * *
Robin hits you with a +0 dagger.
You die...

##.#.###.#.#.#.#.........#
##.#.# #.#.#.#.###########
##.#.# #.#.#.#.# #..#.#
#.....#.#
#.##.#####.###.#####
#.##.....#...))....#
#.######.#####.###)# #.#
#.#)..$.†##.# #.#
#.#.#.#.g@..# #.#
#.#.#.......# #.#
#.#.###.....# #.# #.#.
#.....# #.######.#.
#.....#
..<......#.........#
#.################## ###


You could see Robin.

Vanquished Creatures
  Sigmund (D:3)
  A sky beast (D:3)
  2 phantoms (D:4)
  2 bombardier beetles (D:4)
  A bullfrog skeleton (D:4)
  An orc priest (D:4)
  Terence (D:3)
  An iguana (D:4)
  A hound zombie (D:4)
  A gnoll (D:4)
  6 adders
  A dart slug (D:2)
  A ribbon worm (D:3)
  3 orcs (D:4)
  4 endoplasms
  A giant cockroach (D:2)
  13 goblins
  11 hobgoblins
  4 jackals (D:4)
  4 quokkas
  6 ball pythons
  3 bats
  2 frilled lizards
  A jackal zombie (D:4)
  5 kobolds
  5 rats
82 creatures vanquished.

Notes
Turn   | Place    | Note
-------+----------+-------------------------------------------
     0 | D:1      | Biggs the Coglin Hunter began the quest for the Orb.
     0 | D:1      | Reached XP level 1. HP: 16/16 MP: 1/1
   112 | D:1      | Found Pezimy's General Store.
   796 | D:2      | Reached skill level 4 in Ranged Weapons
   796 | D:2      | Reached XP level 2. HP: 16/22 MP: 2/2
   933 | D:2      | Reached XP level 3. HP: 23/27 MP: 3/3
  1303 | D:2      | Found a faded altar of an unknown god.
  1566 | D:3      | Found a radiant altar of Vehumet.
  1572 | D:3      | Found Ofiupt's Armour Shoppe.
  1576 | D:3      | Reached skill level 5 in Ranged Weapons
  1587 | D:3      | Reached XP level 4. HP: 31/33 MP: 4/4
  1614 | D:3      | Noticed Sigmund
  1748 | D:3      | Found Yfaq's Book Shop.
  1782 | D:3      | Found Ryly's Book Emporium.
  1833 | D:3      | Found a glowing golden altar of the Shining One.
  1898 | D:3      | Identified the +7 rapier of the Lurker {elec, *Corrode
                  | rElec rPois Dex+4}
  1952 | D:3      | Found Koestemo's Distillery.
  1960 | D:3      | Bought 2 potions of heal wounds for 110 gold pieces
  1960 | D:3      | Bought a potion of curing for 33 gold pieces
  1972 | D:3      | Noticed Terence
  1972 | D:3      | Noticed a sky beast
  1981 | D:3      | Killed Terence
  2105 | D:3      | Killed Sigmund
  2106 | D:3      | Reached skill level 6 in Ranged Weapons
  2106 | D:3      | Reached XP level 5. HP: 12/38 MP: 5/5
  2106 | D:3      | Reached XP level 6. HP: 14/44 MP: 6/6
  2224 | D:3      | Found an iron altar of Okawaru.
  2224 | D:3      | Found an ancient bone altar of Kikubaaqudgha.
  2267 | D:3      | Became a worshipper of Warmaster Okawaru
  2365 | D:3      | Found Hissemom's Weapon Shoppe.
  2403 | D:3      | Killed a sky beast
  2404 | D:3      | Reached skill level 7 in Ranged Weapons
  2894 | D:4      | Reached XP level 7. HP: 42/50 MP: 7/7
  3125 | D:4      | Found a sacrificial altar of Ru.
  3226 | D:4      | Identified the +1 robe of Beogh, Fortifying {rN+ Str+4
                  | Dex+3 Slay+2}
  3415 | D:4      | Noticed Robin
  3432 | D:4      | Reached * piety under Okawaru
  3433 | D:4      | Reached skill level 8 in Ranged Weapons
  3439 | D:4      | HP: 1/50 [phantom (2)]
  3445 | D:4      | HP: 2/50 [burnt (5)]
  3453 | D:4      | Slain by Robin

Illustrated notes

Levels and vault maps discovered:
D:1:      tarquinn_simple_flora_water_b, layout_basic, serial_shops, shop,
          nicolae_concentric_dashed_squares_mild, serial_bayou_ford_a,
          minmay_fountain_box, minmay_misc_feat_rugged
D:2:      layout_basic, shapermc_ecumenical_altar_acropolis, minmay_pentomino_o2
D:3:      minmay_evil_eye, layout_basic, grunt_temple_overflow_open,
          mainiacjoe_overflow_24_doors, serial_shops, shop, nicolae_shop_stone,
          nicolae_shop_industrial_runoff, nicolae_shop_trees, shop,
          amcnicky_mini_pool_small, uniq_natasha, uniq_terence, uniq_sigmund
D:4:      layout_basic, marbit_many_paths, minitemple, serial_undead,
          serial_undead_f, serial_undead_d, serial_undead_a, serial_undead_d,
          amcnicky_mini_rare_corridor_liquid, uniq_robin

Skill      XL: |  1  2  3  4  5  6  7 |
---------------+----------------------+-----
Ranged Weapons | 4 5 6 7 8 |  8.3
Fighting       | |  2.0
Dodging        | |  1.7
Stealth        | |  0.7

Action                     |  1- 3 |  4- 6 |  7- 9 || total
---------------------------+-------+-------+-------++-------
   Fire: Sling             |   148 |   166 |   150 ||   464
    Use: Scroll            |       |     1 |     1 ||     2
         Potion            |       |       |     8 ||     8
 Armour: Leather armour    |    15 |    25 |    41 ||    81
  Dodge: Dodged            |    13 |    11 |    32 ||    56

Table legend: (Time is in decaauts)
 A = Elapsed time spent in this place.
 B = Non-inter-level travel time spent in this place.
 C = Inter-level travel time spent in this place.
 D = Time resting spent in this place.
 E = Time spent auto-exploring this place.
 F = Levels seen in this place.
 G = Mean time per level.
                   A        B        C        D        E       F      G
               +--------+--------+--------+--------+--------+-----+--------+
         Total |   3496 |   3349 |    147 |     68 |   2802 |   4 |  874.0 |
       Dungeon |   3496 |   3349 |    147 |     68 |   2802 |   4 |  874.0 |
               +--------+--------+--------+--------+--------+-----+--------+

Top non-repeatable levels by time:
     D:3: 948 daAuts
     D:2: 890 daAuts
     D:4: 859 daAuts
     D:1: 798 daAuts
